 Dungeon Crawl Stone Soup version 0.24.0-37-gcf1ca852f1 (webtiles) character file.

Game seed: 5334139549053800824, levelgen mode: deterministic

333 Flugslaktarn the Chopper (level 6, -1/55 HPs)
             Began as a Minotaur Fighter on Nov 29, 2019.
             Was an Initiate of Gozag.
             Killed by divine providence
             ... invoked by an orc priest
              (11 damage)
             ... on level 4 of the Dungeon.
             The game lasted 00:01:20 (3749 turns).

Flugslaktarn the Chopper (Minotaur Fighter)         Turns: 3749, Time: 00:01:20

Health: -1/55      AC:  7    Str: 23    XL:     6   Next: 27%
Magic:  5/5        EV:  7    Int:  5    God:    Gozag
Gold:   76         SH: 10    Dex:  9    Spells: 5/5 levels left

rFire    . . .     SeeInvis .   a - +0 war axe
rCold    . . .     Gourm    .   c - +0 shield
rNeg     . . .     Faith    .   b - +0 scale mail
rPois    .         Spirit   .   (helmet restricted)
rElec    .         Reflect  .   (no cloak)
rCorr    .         Harm     .   (no gloves)
MR       .....                  (no boots)
Stlth    ..........             (no amulet)
HPRegen  0.18/turn              (no ring)
MPRegen  0.09/turn              (no ring)

@: gold aura
A: retaliatory headbutt, horns 2
a: Potion Petition, Call Merchant, Bribe Branch, Renounce Religion


You were on level 4 of the Dungeon.
You worshipped Gozag.
Gozag was noncommittal.
You were not hungry.

You visited 1 branch of the dungeon, and saw 4 of its levels.

You collected 106 gold pieces.
You paid 30 gold pieces to Gozag.

Inventory:

Hand Weapons
 a - a +0 war axe (weapon)
Armour
 b - a +0 scale mail (worn)
 c - a +0 shield (worn)
Jewellery
 h - a cursed ring of teleportation {unknown}
   (You found it on level 1 of the Dungeon)
 u - an uncursed ring of magical power {unknown}
   (You found it on level 3 of the Dungeon)
Scrolls
 f - a scroll of teleportation {unknown}
 i - 7 scrolls of identify {unknown}
 k - a scroll of enchant weapon {unknown}
 l - a scroll of random uselessness {unknown}
 p - 3 scrolls of immolation {unknown}
 r - a scroll of blinking {unknown}
 s - a scroll of remove curse {unknown}
 t - 2 scrolls of magic mapping {unknown}
Potions
 d - a potion of might
 g - a potion of cancellation {unknown}
 j - 2 potions of lignification {unknown}
 m - a potion of curing {unknown}
 n - a potion of resistance {unknown}
 o - a potion of agility {unknown}
Comestibles
 e - 6 rations


   Skills:
 + Level 4.9 Fighting
 * Level 5.4 Axes
 + Level 5.0 Armour
 + Level 5.0 Shields


You had 5 spell levels left.
You didn't know any spells.
Your spell library was empty.

Dungeon Overview and Level Annotations

Branches:
Dungeon (4/15)
 Temple: D:4-7

Altars:
Gozag
Sif Muna
Zin

Annotations:
D:3 2 transporters
D:4 Pikel


Innate Abilities, Weirdness & Mutations

You reflexively headbutt those who attack you in melee.
You have a pair of horns on your head.


Message History

Pikel hits you with a +1 whip of freezing.
* * * LOW HITPOINT WARNING * * *
Pikel freezes you.
* * * LOW HITPOINT WARNING * * *
You are too injured to fight recklessly!
You are too injured to fight recklessly!
You are too injured to fight recklessly!
You are too injured to fight recklessly!
You are too injured to fight recklessly!
You are too injured to fight recklessly!
You are too injured to fight recklessly!
You are too injured to fight recklessly!
You are too injured to fight recklessly!
You are too injured to fight recklessly!
You are too injured to fight recklessly!
Unknown command.
The orc priest mumbles some strange prayers to Beogh against you.
Beogh smites you!
You die...
Your body crumbles into a pile of gold.

... .........
......... ..o.....#
........## ##
.....p...#####.##
....oo..........#
.....pKoo#..<#
.....o$.@.##........
.....opp#.##......##
.......##.......#...
#.....# #...##### ##
#####. ....# $ ..
#..## .# ##.# ## .#


You could see Pikel, 4 slaves, an orc priest, an orc wizard and 5 orcs.

Vanquished Creatures
  2 orc priests (D:3)
  A centaur skeleton (D:4)
  2 orc wizards (D:3)
  Terence (D:3)
  3 gnolls (D:2)
  5 adders
  A worm (D:2)
  A dart slug (D:1)
  4 leopard geckos (D:2)
  9 orcs
  6 goblins
  6 hobgoblins
  7 jackals
  13 kobolds
  A quokka (D:3)
  A ball python (D:3)
  7 bats
  3 frilled lizards
  8 rats
81 creatures vanquished.

Notes
Turn   | Place    | Note
-------+----------+-------------------------------------------
     0 | D:1      | Flugslaktarn the Minotaur Fighter began the quest for the
                  | Orb.
     0 | D:1      | Reached XP level 1. HP: 19/19 MP: 0/0
   374 | D:1      | Reached XP level 2. HP: 27/27 MP: 1/1
  1129 | D:2      | Found a shimmering blue altar of Sif Muna.
  1170 | D:2      | Reached XP level 3. HP: 17/33 MP: 2/2
  1544 | D:2      | Reached XP level 4. HP: 37/40 MP: 3/3
  1942 | D:2      | Found a faded altar of an unknown god.
  2593 | D:3      | Reached XP level 5. HP: 20/47 MP: 4/4
  2955 | D:3      | Noticed Terence
  2960 | D:3      | Killed Terence
  2993 | D:3      | Found a transporter.
  2997 | D:3      | Found a transporter.
  3050 | D:3      | Reached skill level 5 in Axes
  3053 | D:3      | Reached XP level 6. HP: 30/55 MP: 5/5
  3455 | D:3      | Found an opulent altar of Gozag.
  3456 | D:3      | Found a glowing silver altar of Zin.
  3692 | D:3      | Became a worshipper of Gozag Ym Sagoz the Greedy
  3737 | D:4      | Noticed a slave
  3737 | D:4      | Noticed a slave
  3738 | D:4      | Noticed Pikel
  3741 | D:4      | Reached skill level 5 in Armour
  3741 | D:4      | Reached skill level 5 in Shields
  3742 | D:4      | Noticed a slave
  3744 | D:4      | Noticed a slave
  3749 | D:4      | Killed from afar by an orc priest

Levels and vault maps discovered:
D:1:      dpeg_chamrin_arrival_tetris, layout_basic, chequers_arboretum
D:2:      layout_basic, lemuel_round_altar, chequers_ecumenical_altar_island
D:3:      gammafunk_steamed_eel, layout_basic,
          grunt_temple_overflow_gold_and_silver, kennysheep_generic_room_4,
          uniq_terence
D:4:      layout_rooms, uniq_crazy_yiuf_cottage, uniq_pikel, uniq_sigmund

Skill      XL: |  1  2  3  4  5  6 |
---------------+-------------------+-----
Axes           | 3 4 5 |  5.4
Fighting       | 4 |  4.9
Armour         | 4 5 |  5.0
Shields        | 4 5 |  5.0

Action                   |  1- 3 |  4- 6 || total
-------------------------+-------+-------++-------
Melee: War axe           |    74 |   104 ||   178
       Headbutt          |     4 |    12 ||    16
  Eat: Chunk             |     2 |     7 ||     9
Armor: Scale mail        |    41 |    49 ||    90
Dodge: Dodged            |    34 |    46 ||    80
Block: Shield            |    51 |    60 ||   111
